 Dungeon Crawl Stone Soup version 0.29.1-12-g30fa7ad0bf (webtiles) character file.

Game seed: 3935530854534435236

111 Descartes the Shield-Bearer (level 5, 0/42 HPs)
             Began as a Formicid Fighter on Jan 5, 2023.
             Succumbed to an orc wizard's poison
             ... on level 3 of the Dungeon.
             The game lasted 00:03:42 (2100 turns).

Descartes the Shield-Bearer (Formicid Fighter)      Turns: 2100, Time: 00:03:42

Health: 0/42       AC:  6    Str: 20    XL:     5   Next: 15%
Magic:  6/6        EV:  9    Int: 10    God:
Gold:   139        SH:  0    Dex: 13    Spells: 6/6 levels left

rFire   . . .      SeeInvis +   a - +0 war axe
rCold   . . .      Faith    .   c - +0 buckler
rNeg    . . .      Spirit   .   b - +0 scale mail
rPois   .          Reflect  .   (helmet unavailable)
rElec   .          Harm     .   (no cloak)
rCorr   .          Rampage  .   (no gloves)
Will    .....                   (no boots)
Stlth   ..........              (no amulet)
HPRegen 0.14/turn               (no ring)
MPRegen 0.10/turn               (no ring)

@: confused, lethally poisoned (0 -> -8)
A: permanent stasis, dig shafts and tunnels, antennae 3, four strong arms
a: Dig, Shaft Self


You were on level 3 of the Dungeon.
You visited 1 branch of the dungeon, and saw 3 of its levels.

You collected 139 gold pieces.

Inventory:

Hand Weapons
 a - a +0 war axe (weapon)
 e - a +0 sling
Armour
 b - a +0 scale mail (worn)
 c - a +0 buckler (worn)
Jewellery
 q - an amulet of guardian spirit
Scrolls
 f - 2 scrolls of immolation {unknown}
 g - 2 scrolls of brand weapon {unknown}
 h - 3 scrolls of identify {unknown}
 i - a scroll of teleportation {unknown}
 k - a scroll of magic mapping {unknown}
Potions
 d - a potion of might
 j - a potion of mutation {unknown}
 l - 3 potions of resistance {unknown}
 m - a potion of curing {unknown}
 n - a potion of berserk rage {unknown}
 o - a potion of attraction {unknown}
 p - a potion of haste {unknown}


   Skills:
 + Level 3.7 Fighting
 + Level 2.4 Axes
 + Level 3.6 Armour
 * Level 5.2 Shields
 + Level 1.0 Spellcasting
 + Level 1.0 Translocations
 + Level 1.3 Evocations


You had 6 spell levels left.
You didn't know any spells.
Your spell library was empty.

Dungeon Overview and Level Annotations

Branches:
Dungeon (3/15)

Altars:

Shops:
D:3 *


Innate Abilities, Weirdness & Mutations

You cannot be hasted, slowed, berserked, paralysed or teleported.
You can dig through walls and to a lower floor.
You have a pair of large antennae on your head. (SInv)
Your four strong arms can wield two-handed weapons with a shield.


Message History

An orc priest comes into view. It is wielding a +0 dagger.
You slash the orc!
You kill the orc!
The orc priest looks encouraged for a moment.
You block the ball python's attack. The ball python grabs you.
The ball python constricts you.
You closely miss the ball python. The ball python barely misses you.
The ball python constricts you.
The orc wizard gestures wildly while chanting.
The orc wizard flickers and vanishes for a moment.
The ball python bites you. The ball python constricts you.
You barely miss the ball python.
An orc comes into view. It is wielding a +0 war axe.
The ball python bites you but does no damage.
The ball python constricts you.
The orc moves out of view.
You slash the ball python!
You kill the ball python!
An orc comes into view. It is wielding a +0 short sword.
An orc comes into view. It is wielding a +0 club.
The orc shouts! x2
You hit the orc but do no damage. The orc hits you with a +0 whip.
You barely miss the orc.
The orc shouts!
The orc hits you but does no damage. The orc hits you with a +0 whip.
You slash the orc!
You kill the orc!
The orc priest casts a cantrip, but nothing happens.
You hit the orc wizard.
The orc wizard is moderately wounded.
The orc priest calls down the wrath of Beogh upon you.
Beogh smites you!
* * * LOW HITPOINT WARNING * * *
The orc wizard casts a spell at you.
You are confused.
The orc priest calls down the wrath of Beogh upon you.
Beogh smites you!
* * * LOW HITPOINT WARNING * * *
The orc wizard hits you but does no damage.
You are lethally poisoned!
You die...

{#####..........# # .
#...†..........### ..
####.###.#.##.....#.. ...
+........#..........#
....
##.#...#.###.......##
..... #.###.#........†..#
......#o###.####.#.#....#
#....or.....# #.#...####
#...#o#..@..# #..>.## .
.o{#.....# ######
#..#o...#..... ...
#.##.####### #. #. ..# #
. #### { .#


You could see an orc priest, an orc wizard (invisible), an orc and a rat.

Vanquished Creatures
  Robin (D:1)
  3 adders (D:2)
  A dart slug (D:1)
  3 orcs (D:3)
  3 ball pythons
  3 bats
  8 endoplasms
  3 giant cockroaches (D:1)
  12 goblins
  3 hobgoblins
  8 jackals (D:1)
  3 quokkas
  2 frilled lizards
  2 kobolds (D:2)
  2 rats
57 creatures vanquished.

Notes
Turn   | Place    | Note
-------+----------+-------------------------------------------
     0 | D:1      | Descartes the Formicid Fighter began the quest for the Orb.
     0 | D:1      | Reached XP level 1. HP: 18/18 MP: 1/1
    71 | D:1      | Reached XP level 2. HP: 23/24 MP: 2/2
   124 | D:1      | Reached XP level 3. HP: 11/29 MP: 3/3
   710 | D:1      | Found a faded altar of an unknown god.
   771 | D:2      | Noticed Robin
   776 | D:2      | Reached skill level 1 in Evocations
  1003 | D:1      | Killed Robin
  1004 | D:1      | Reached XP level 4. HP: 35/35 MP: 5/5
  1418 | D:2      | Reached skill level 5 in Shields
  1477 | D:2      | Reached skill level 1 in Spellcasting
  1477 | D:2      | Reached skill level 1 in Translocations
  1477 | D:2      | Reached XP level 5. HP: 40/42 MP: 6/6
  2012 | D:3      | Found Cuasker's Assorted Antiques.
  2098 | D:3      | HP: 2/42 [orc priest/divine providence (10)]
  2100 | D:3      | Succumbed to an orc wizard's poison

Illustrated notes

Levels and vault maps discovered:
D:1:      roderic_dead_forest, layout_rooms,
          hellmonk_ecumenical_altar_heavens_door,
          chequers_serial_rivers_small_a, grunt_decor_fettered
D:2:      layout_loops_cross, serial_rivers, chequers_serial_rivers_micro_d,
          chequers_serial_rivers_micro_e, chequers_serial_rivers_small_a,
          chequers_serial_rivers_small_b, chequers_serial_rivers_room_a,
          chequers_serial_rivers_marsh, hangedman_decor_growths,
          dreamdust_princess_bridge, hangedman_abyss_or_decor_stabs, uniq_robin
D:3:      layout_basic, gammafunk_temple_overflow_claw, serial_shops,
          nicolae_shop_hallway_stairs

Skill      XL: |  1  2  3  4 |
---------------+-------------+-----
Evocations     | 1 |  1.3
Shields        | 5 |  5.2
Spellcasting   | 1 |  1.0
Translocations | 1 |  1.0
Fighting       | |  3.7
Axes           | |  2.4
Armour         | |  3.6

Action                   |  1- 3 |  4- 6 || total
-------------------------+-------+-------++-------
Melee: War axe           |    67 |    71 ||   138
Armor: Scale mail        |    55 |    36 ||    91
Dodge: Dodged            |    54 |    29 ||    83
Block: Buckler           |    30 |    21 ||    51
